 Dungeon Crawl Stone Soup version 0.14-a0-1546-g4b4961f (webtiles) character file.

137 M4edhros the Poker (level 4, -1/31 HPs)
             Began as an Octopode Chaos Knight on Dec 19, 2013.
             Was a Plaything of Xom.
             Slain by an ice devil (25 damage)
             ... summoned by the capriciousness of Xom
             ... on Level 2 of the Dungeon.
             The game lasted 00:03:14 (1443 turns).

M4edhros the Poker (Octopode Chaos Knight)          Turns: 1443, Time: 00:03:14

HP  -1/31        AC  1     Str 11      XL: 4   Next: 54%
MP   4/4         EV 12     Int 15      God: Xom
Gold 49          SH  0     Dex 11      Spells:  0 memorised,  3 levels left

rFire  . . .     SeeInvis .     q - +1 sling (frost)
rCold  . . .     Clarity  .     (no shield)
rNeg   . . .     Conserve .     (helmet restricted)
rPois  .         rCorr    .     (no amulet)
rElec  .         rRot     .     (no ring)
SustAb . .       Spirit   .     (no ring)
rMut   .         Warding  .     (no ring)
Saprov . . .     Stasis   .     (no ring)
                                (no ring)
                                (no ring)
                                (no ring)
                                (no ring)

@: slightly resistant to hostile enchantments, fairly stealthy
A: almost no armour, amphibious, 8 rings, constrict 8, camouflage 1, gelatinous
body 1
a: Renounce Religion


You were on level 2 of the Dungeon.
You worshipped Xom.
You were a special plaything of Xom.
You were hungry.

You visited 1 branch of the dungeon, and saw 2 of its levels.

You collected 49 gold pieces.

Inventory:

Hand weapons
 a - a +0,+0 spear of chaos
 q - a +1,+1 sling of frost (weapon)
Missiles
 e - 14 sling bullets of flame
 r - 11 stones (quivered)
Magical devices
 m - a wand of confusion (20)
Comestibles
 c - 3 bread rations
Scrolls
 d - 3 scrolls of identify
 h - a scroll of random uselessness
 j - a scroll of recharging
 p - a scroll of noise
Potions
 b - a potion of heal wounds


   Skills:
 - Level 3.0 Fighting
 - Level 4.4 Polearms
 + Level 2.2 Slings
 - Level 2.3 Dodging


You had 3 spell levels left.
You didn't know any spells.

Dungeon Overview and Level Annotations

Branches:
Dungeon (2/16)

Altars:


Innate Abilities, Weirdness & Mutations

You cannot wear most types of armour.
You are amphibious.
You can wear up to eight rings at the same time.
You can use your tentacles to constrict many enemies at once.
Your skin changes colour to match your surroundings (Stlth).
Your rubbery body absorbs attacks (AC +1).


Message History

Aim: an ice devil (summoned)
You shoot a stone of frost. The stone of frost hits the ice devil.
The ice devil completely resists.
An ice devil is nearby!
Firing (i - inventory. (,) - cycle):
r - 13 stones (quivered)
Press: ? - help, Shift-Dir - straight line, f/p - ice devil
Aim: an ice devil (summoned)
You shoot a stone of frost. The stone of frost hits the ice devil.
The ice devil appears unharmed.
The ice devil hits you but does no damage.
An ice devil is nearby!
Firing (i - inventory. (,) - cycle):
r - 12 stones (quivered)
Press: ? - help, Shift-Dir - straight line, f/p - ice devil
Aim: an ice devil (summoned)
You shoot a stone of frost. The stone of frost hits the ice devil.
The ice devil appears unharmed.
The ice devil hits you! The ice devil freezes you!
Ouch! That really hurt!
You die... "Huh?
Did I miss anything?"

###......#
#.........#.. #......#
#...#.###.#..
#......###............
#......).......###.##.
#.....................
#####......#.#.#.#.##.
#..#.....#.#...##.
#..#.....#.#.#.##.
###@.#.....#.#......
#..3.....%.+........
#..(.......#.....##.
#...(.###........##.
#.....# #.#####..##.
####.## #.....#..##.
#.####...........
#................
#########..######


You could see an ice devil.

Vanquished Creatures
  4 gnolls (D:2)
  An adder (D:2)
  A giant gecko (D:1)
  2 oozes (D:1)
  3 giant cockroaches
  5 hobgoblins
  5 jackals
  4 kobolds
  2 ball pythons
  4 bats
  5 giant newts
  3 goblins
  3 rats
42 creatures vanquished.

Notes
Turn   | Place    | Note
--------------------------------------------------------------
     0 | D:1      | M4edhros, the Octopode Chaos Knight, began the quest for the Orb.
     0 | D:1      | Reached XP level 1. HP: 16/16 MP: 1/1
   110 | D:1      | Reached XP level 2. HP: 7/21 MP: 2/2
   293 | D:1      | XOM: divination: detect items
   417 | D:1      | Reached skill level 4 in Polearms
   470 | D:1      | Reached XP level 3. HP: 26/26 MP: 3/3
   474 | D:1      | XOM: silly message
   638 | D:1      | XOM: divination: detect creatures
   773 | D:2      | XOM: potion effect (might)
  1063 | D:2      | HP: 1/26 [gnoll (8)]
  1066 | D:2      | XOM: 7-stop teleportation journey
  1121 | D:2      | Paralysed by a potion of paralysis for 2 turns
  1247 | D:2      | Reached skill level 1 in Slings
  1250 | D:2      | Reached XP level 4. HP: 14/31 MP: 4/4
  1439 | D:2      | XOM: medium Summ miscast
  1440 | D:2      | Noticed an ice devil
  1443 | D:2      | Slain by an ice devil

Action                   |  1- 3 |  4- 6 || total
-------------------------+-------+-------++-------
Melee: Spear             |   108 |    10 ||   118
 Fire: Sling             |     6 |     9 ||    15
Evoke: Wand              |     3 |     1 ||     4
  Use: Potion            |     6 |       ||     6
       Scroll            |     2 |     6 ||     8
 Stab: Confused          |     1 |       ||     1
       Paralysed         |     1 |       ||     1
       Sleeping          |     3 |       ||     3
       Distracted        |     1 |       ||     1
